 Dungeon Crawl Stone Soup version 0.27.1-4-g1640c2035a (webtiles) character file.

Game seed: 16303896469412591550

4054 MisterFreud the Grappler (level 10, -1/86 (88) HPs)
             Began as a Troll Fighter on Nov 17, 2021.
             Was an Elder of Hepliaklqana.
             Slain by a nine-headed hydra (10 damage)
             ... on level 8 of the Dungeon.
             The game lasted 00:09:26 (6010 turns).

MisterFreud the Grappler (Troll Fighter)            Turns: 6010, Time: 00:09:27

HP:   -1/86 (88)    AC: 15    Str: 27    XL:     10   Next: 4%
MP:   9/9           EV:  8    Int:  6    God:    Hepliaklqana [****..]
Gold: 599           SH: 10    Dex:  9    Spells: 9/9 levels left

rFire    x . .     SeeInvis +     - Unarmed
rCold    + + .     Faith    .   b - +0 kite shield
rNeg     . . .     Spirit   .   f - +1 ice dragon scales
rPois    .         Reflect  .   (helmet restricted)
rElec    .         Harm     .   z - +0 cloak
rCorr    .         Rampage  .   (gloves unavailable)
Will     .....                  (boots unavailable)
Stlth    ..........             (no amulet)
HPRegen  1.24/turn              m - ring of see invisible
MPRegen  0.11/turn              D - ring of wizardry

@: mighty, weak-willed, lightly drained
A: reduced essence, large, unfitting armour, claws 3, regeneration 1, shaggy fur
1, tough skin 1
a: Renounce Religion, Recall Ancestor, Ancestor Identity, Transference, Idealise


You were on level 8 of the Dungeon.
You worshipped Hepliaklqana.
Hepliaklqana was greatly pleased with you.
You visited 1 branch of the dungeon, and saw 8 of its levels.
You also visited: Ossuary.

You collected 599 gold pieces.

Inventory:

Hand Weapons
 G - a +6 long sword
Missiles
 e - 11 boomerangs (quivered)
 s - 4 atropa-tipped darts
Armour
 a - a +0 robe
 b - a +0 kite shield (worn)
 f - +1 ice dragon scales (worn)
 z - a +0 cloak (worn)
 F - +0 acid dragon scales
Jewellery
 m - a ring of see invisible (left claw)
 D - a ring of wizardry (right claw)
Wands
 v - a wand of flame (19)
Scrolls
 d - a scroll of blinking {unknown}
 h - 6 scrolls of teleportation
 i - 2 scrolls of holy word {unknown}
 p - 2 scrolls of noise {unknown}
 q - 8 scrolls of identify {unknown}
 t - 3 scrolls of enchant armour
 u - a scroll of summoning {unknown}
 x - a scroll of amnesia
 y - a scroll of enchant weapon {unknown}
 B - a scroll of immolation {unknown}
Potions
 g - 3 potions of flight {unknown}
 j - 3 potions of curing
 k - 4 potions of brilliance {unknown}
 l - a potion of magic {unknown}
 n - a potion of cancellation {unknown}
 o - a potion of attraction {unknown}
 r - 4 potions of heal wounds {unknown}
 w - 2 potions of resistance {unknown}
 A - 3 potions of degeneration {unknown}
 C - a potion of invisibility {unknown}


   Skills:
 - Level 6.0 Fighting
 - Level 5.0 Armour
 - Level 3.0 Dodging
 + Level 7.3 Shields
 - Level 8.0 Unarmed Combat


You had 9 spell levels left.
You didn't know any spells.
Your spell library contained the following spells:

 Spells                   Type           Power      Damage    Failure   Level
 Apportation              Tloc           0%         N/A       54%         1
 Corona                   Hex            0%         N/A       54%         1
 Corpse Rot               Necr/Air       N/A        N/A       69%         2
 Ensorcelled Hibernation  Hex/Ice        0%         N/A       69%         2
 Poisonous Vapours        Pois/Air       0%         N/A       69%         2
 Static Discharge         Conj/Air       0%         N/A       69%         2
 Frozen Ramparts          Ice            0%         1d2       88%         3
 Gell's Gravitas          Tloc           0%         N/A       88%         3
 Lesser Beckoning         Tloc           0%         N/A       88%         3
 Teleport Other           Tloc           0%         N/A       88%         3
 Tukima's Dance           Hex            0%         N/A       88%         3
 Ice Form                 Ice/Tmut       0%         N/A       99%         4
 Summon Ice Beast         Ice/Summ       0%         N/A       99%         4
 Alistair's Intoxication  Tmut/Pois      0%         N/A       100%        5
 Borgnjor's Vile Clutch   Necr/Erth      0%         N/A       100%        5
 Freezing Cloud           Conj/Ice/Air   0%         6-21      100%        5
 Lightning Bolt           Conj/Air       0%         1d11      100%        5
 Eringya's Noxious Bog    Tmut/Pois      0%         N/A       100%        6
 Invisibility             Hex            0%         N/A       100%        6
 Maxwell's Capacitive Co  Air            0%         ∞         100%        8


Dungeon Overview and Level Annotations

Branches:
Dungeon (8/15)             Temple (0/1) D:6         Ossuary (visited)
   Lair: D:8-11

Altars:
Dithmenos
Elyvilon
Hepliaklqana
Kikubaaqudgha
Makhleb
Nemelex Xobeh
Okawaru
Ru
Yredelemnul
The Shining One
Beogh

Shops:
D:2 [

Annotations:
D:4 3 runed translucent doors, diceflayer's ghost, novice MiFi
D:5 3 runed translucent doors, Crownlay's ghost, amateur GrEE


Innate Abilities, Weirdness & Mutations

Your life essence is reduced to manifest your ancestor. (-10% HP)
You are too large for most types of armour.
You have claws for hands.
Your natural rate of healing is unusually fast.
You are covered in fur. (AC +1)
You have tough skin. (AC +1)


Message History

The four-headed hydra grows two more!
You claw the six-headed hydra!
The six-headed hydra is moderately wounded.
You block the six-headed hydra's attack.
The six-headed hydra bites you! x2; The six-headed hydra bites you.
You block the six-headed hydra's attack.
The six-headed hydra bites you but does no damage.
You barely miss the six-headed hydra.
The six-headed hydra is lightly wounded.
You rip one of the six-headed hydra's heads off!
The five-headed hydra grows two more!
You mangle the seven-headed hydra!!
The seven-headed hydra is moderately wounded.
You block the seven-headed hydra's attack.
The seven-headed hydra bites you. The seven-headed hydra bites you!
You block the seven-headed hydra's attack.
The seven-headed hydra bites you!
* * * LOW HITPOINT WARNING * * *
The seven-headed hydra bites you but does no damage.
The seven-headed hydra closely misses you.
You rip one of the seven-headed hydra's heads off!
The six-headed hydra grows two more!
You mangle the eight-headed hydra!!
The eight-headed hydra is moderately wounded.
The eight-headed hydra bites you but does no damage.
You block the eight-headed hydra's attack.
The eight-headed hydra barely misses you.
The eight-headed hydra bites you.
* * * LOW HITPOINT WARNING * * *
The eight-headed hydra bites you but does no damage.
The eight-headed hydra barely misses you.
You block the eight-headed hydra's attack.
The eight-headed hydra bites you but does no damage.
You tear one of the eight-headed hydra's heads off!
The seven-headed hydra grows two more!
You claw the nine-headed hydra!
The nine-headed hydra is moderately wounded.
You block the nine-headed hydra's attack. x2
The nine-headed hydra bites you but does no damage.
The nine-headed hydra bites you!
* * * LOW HITPOINT WARNING * * *
The nine-headed hydra barely misses you.
The nine-headed hydra bites you!
You die...

## .( #.
###..####
........#
#@#
#D>....#
....####
####...
####


You could see a nine-headed hydra (weak-willed).

Vanquished Creatures
  Pikel (D:6)
  An acid dragon (D:8)
  Edmund (D:4)
  A water moccasin (D:6)
  2 orc warriors
  2 ogres
  A necrophage (D:5)
  A phantom (D:6)
  A centaur (D:4)
  2 lemures (D:6)
  2 bullfrogs
  3 killer bees (D:7)
  11 wights
  4 centaur zombies
  A bullfrog zombie (D:5)
  2 hounds
  Crazy Yiuf (D:6)
  An iguana (D:5)
  4 orc wizards
  A scorpion zombie (D:3)
  An ogre zombie (Ossuary)
  2 hound skeletons
  4 mummies (Ossuary)
  8 adders
  3 gnolls (D:5)
  2 white imps
  3 adder zombies (Ossuary)
  2 worms (D:5)
  2 dart slugs
  20 orcs
  9 ball pythons
  5 bats
  3 endoplasms
  A giant cockroach (D:2)
  2 goblins
  3 hobgoblins
  3 jackals
  7 kobolds
  10 quokkas
  2 frilled lizards
  2 gnoll zombies (Ossuary)
  2 goblin zombies (Ossuary)
  3 hobgoblin zombies (Ossuary)
  4 kobold zombies (Ossuary)
  4 quokka zombies (Ossuary)
  9 rats
  4 rat zombies
163 creatures vanquished.

Vanquished Creatures (collateral kills)
  Joseph (D:8)
  A water moccasin (D:7)
  An orc warrior (D:8)
  A lemure (D:6)
  6 wights
  3 killer bees (D:7)
  2 centaur zombies (D:6)
  An iguana (D:5)
  3 orc wizards
  2 ogre zombies (Ossuary)
  3 mummies (Ossuary)
  4 adders
  An adder skeleton (D:4)
  A dart slug (D:4)
  5 orcs
  A jackal (D:5)
  2 quokkas (D:5)
  A frilled lizard (D:2)
  2 goblins (D:5)
  A goblin zombie (Ossuary)
  3 hobgoblin zombies (Ossuary)
  A quokka zombie (D:7)
  2 rats (D:5)
48 creatures vanquished.

Vanquished Creatures (others)
  A battlemage (D:6)
  An ancestor (D:3)
  36 fungi
38 creatures vanquished.

Grand Total: 249 creatures vanquished

Notes
Turn   | Place    | Note
-------+----------+-------------------------------------------
     0 | D:1      | MisterFreud the Troll Fighter began the quest for the Orb.
     0 | D:1      | Reached XP level 1. HP: 22/22 MP: 0/0
    57 | D:1      | Noticed a shining eye
    62 | D:1      | Found a faded altar of an unknown god.
    64 | D:1      | Noticed a great orb of eyes
    64 | D:1      | Noticed a golden eye
    64 | D:1      | Noticed a shining eye
    74 | D:1      | Became a worshipper of Hepliaklqana the Forgotten
    74 | D:1      | Reached * piety under Hepliaklqana
   116 | D:1      | Reached XP level 2. HP: 26/26 MP: 1/1
   847 | D:2      | Reached XP level 3. HP: 32/32 MP: 2/2
  1056 | D:2      | Found Begoehor's Armour Emporium.
  1270 | D:3      | Reached XP level 4. HP: 39/39 MP: 3/3
  1345 | D:3      | Reached skill level 3 in Unarmed Combat
  1410 | D:3      | Found a burning altar of Makhleb.
  1410 | D:3      | Noticed a blizzard demon
  1443 | D:3      | Reached ** piety under Hepliaklqana
  1589 | D:3      | Reached XP level 5. HP: 46/46 MP: 4/4
  1975 | D:3      | Noticed an orc warrior
  1977 | D:3      | Reached skill level 4 in Unarmed Combat
  2002 | D:3      | Killed an orc warrior
  2003 | D:3      | Reached skill level 5 in Unarmed Combat
  2003 | D:3      | Reached XP level 6. HP: 49/53 MP: 5/5
  2204 | D:4      | Reached skill level 6 in Unarmed Combat
  2363 | D:4      | Noticed Edmund
  2378 | D:4      | Killed Edmund
  2379 | D:4      | Reached XP level 7. HP: 43/59 MP: 6/6
  2516 | D:4      | Found a sparkling altar of Nemelex Xobeh.
  2681 | D:4      | Reached skill level 7 in Unarmed Combat
  2857 | D:4      | Found a runed translucent gate.
  2858 | D:4      | Found a runed translucent gate.
  2859 | D:4      | Found a runed translucent gate.
  2861 | D:4      | Noticed diceflayer's ghost (novice MiFi)
  3065 | D:5      | Entered Level 5 of the Dungeon
  3214 | D:5      | Reached skill level 8 in Unarmed Combat
  3286 | D:5      | Found a basalt altar of Yredelemnul.
  3335 | D:5      | Identified the +6 short sword of Adaewn {flame, rF+ rN+}
  3335 | D:5      | Identified the +1 scale mail of the Orb Guardian {+Inv rN+
                  | Will++}
  3343 | D:5      | Found a runed translucent gate.
  3343 | D:5      | Found a runed translucent gate.
  3343 | D:5      | Found a runed translucent gate.
  3363 | D:5      | Remembered your ancestor Nebetia as a battlemage
  3499 | D:5      | Found a shadowy altar of Dithmenos.
  3501 | D:5      | Reached skill level 1 in Armour
  3549 | D:5      | Found a sacrificial altar of Ru.
  3561 | D:5      | Reached XP level 8. HP: 67/67 MP: 7/7
  3574 | D:5      | Found an ancient bone altar of Kikubaaqudgha.
  3608 | D:5      | Reached *** piety under Hepliaklqana
  3633 | D:5      | Found a glowing golden altar of the Shining One.
  3796 | D:5      | Found an iron altar of Okawaru.
  4027 | D:5      | Noticed Crownlay's ghost (amateur GrEE)
  4422 | D:6      | Noticed Pikel
  4446 | D:6      | Killed Pikel
  4447 | D:6      | Reached XP level 9. HP: 78/78 MP: 8/8
  4522 | D:6      | Reached skill level 5 in Shields
  4623 | D:6      | Found a staircase to the Ecumenical Temple.
  4709 | D:6      | Found a runed translucent door.
  4710 | D:6      | Noticed Crazy Yiuf
  4715 | D:6      | Killed Crazy Yiuf
  4887 | D:7      | Reached skill level 5 in Fighting
  4976 | D:7      | Found a sand-covered staircase.
  4983 | Ossuary  | Entered an ossuary
  5676 | D:7      | Reached **** piety under Hepliaklqana
  5683 | D:7      | Found a white marble altar of Elyvilon.
  5802 | D:8      | Identified the +8 hand axe "Fyiskiz" {drain, Str+2}
  5836 | D:8      | Noticed Joseph
  5845 | D:8      | Killed Joseph
  5846 | D:8      | Reached skill level 5 in Armour
  5945 | D:8      | Reached XP level 10. HP: 74/83 MP: 9/9
  6001 | D:8      | Noticed a four-headed hydra
  6010 | D:8      | Slain by a nine-headed hydra

Illustrated notes

Levels and vault maps discovered:
D:1:      lightli_arrival_chessboard, layout_rooms,
          hellmonk_ecumenical_altar_watching_god
D:2:      layout_loops_ring, serial_shops, shop_fountains, minmay_octomino_j4
D:3:      layout_basic, makhleb_altar_promises_db, chequers_jeans,
          patterned_corridor
D:4:      layout_loops_cross, mainiacjoe_overflow_surrounded_room,
          gammafunk_ghost_necromancy, eino_tiny_chamber, minmay_cut_off,
          uniq_edmund
D:5:      layout_layer_cave, nicolae_kikubaaqudgha_miasma_corner,
          nicolae_overflow_crystal_walls, tso_altar,
          kennysheep_okawaru_gauntlet, mainiacjoe_overflow_catch_the_wave,
          biasface_ghost_orc_armoury, gup_sewer_entry_bubbles
D:6:      layout_rooms, temple_hall, uniq_pikel, uniq_crazy_yiuf_cottage
D:7:      layout_loops_ring, elyvilon_altar_1, enter_ossuary_4
D:8:      layout_loops_cross, zin_scriptorium, uniq_joseph, uniq_psyche

Skill      XL: |  1  2  3  4  5  6  7  8  9 |
---------------+----------------------------+-----
Shields        | 3 4 7 |  7.3
Unarmed Combat | 3 5 6 8 |  8.0
Dodging        | 3 |  3.0
Fighting       | 3 4 6 |  6.0
Armour         | 1 3 5 |  5.0

Action                   |  1- 3 |  4- 6 |  7- 9 | 10-12 || total
-------------------------+-------+-------+-------+-------++-------
Melee: Unarmed           |   109 |   119 |   293 |    12 ||   533
Throw: Boomerang         |       |       |     1 |       ||     1
Invok: Ancestor Life: Ba |       |       |     1 |       ||     1
  Use: Scroll            |       |       |       |     4 ||     4
       Potion            |       |       |       |     1 ||     1
 Stab: Distracted        |       |     1 |     1 |       ||     2
Armor: Robe              |    11 |       |       |       ||    11
       Ice dragon scales |    33 |    51 |   117 |    13 ||   214
Dodge: Dodged            |    33 |    25 |    51 |     9 ||   118
Block: Kite shield       |    47 |    60 |   109 |    12 ||   228
